 Dungeon Crawl Stone Soup version 0.17-a0-1534-gf98da79 (webtiles) character file.

13294 stringdemon the Destroyer (level 12, -11/62 HPs)
             Began as a Gargoyle Wizard on July 16, 2015.
             Was a High Priest of Sif Muna.
             Mangled by Rupert
             ... wielding a +2 triple sword of slicing
              (15 damage)
             ... on level 12 of the Dungeon on July 17, 2015.
             The game lasted 03:02:13 (18619 turns).

stringdemon the Destroyer (Gargoyle Wizard)        Turns: 18619, Time: 03:02:13

Health: -11/62     AC: 15    Str: 12    XL:     12   Next: 4%
Magic:  1/28       EV: 12    Int: 26    God:    Sif Muna [*****.]
Gold:   734        SH:  4    Dex:  8    Spells: 6 memorised, 3 levels left

rFire  . . .     SeeInvis .     a - +3 dagger (elec)
rCold  . . .     Clarity  .     S - +2 robe {MR+}
rNeg   + . .     SustAt   .     I - +0 buckler
rPois  ∞         Gourm    .     D - +0 hat
rElec  +         Spirit   .     s - +2 cloak
rCorr  +         Warding  .     (no gloves)
rMut   .         Stasis   .     (no boots)
MR     +....                    r - amulet of resist corrosion
Stlth  ++........               W - +3 ring of intelligence
                                R - ring of magical power

@: somewhat resistant to hostile enchantments, unstealthy
A: negative energy resistance 1, electricity resistance, unbreathing,
petrification resistance, rot immunity, AC +8
a: Channel Energy, Forget Spell, Renounce Religion


You were on level 12 of the Dungeon.
You worshipped Sif Muna.
Sif Muna was extremely pleased with you.
You were not hungry.

You visited 4 branches of the dungeon, and saw 15 of its levels.

You collected 734 gold pieces.

Inventory:

Hand weapons
 a - a +3 dagger of electrocution (weapon)
 b - a +2 mace of protection
 y - a +1 scimitar of flaming
Armour
 e - a +0 shield
 s - a +2 cloak (worn)
 D - a +0 hat (worn)
 I - a +0 buckler (worn)
 S - a +2 robe of magic resistance (worn)
Magical staves
 J - an uncursed staff of poison
Jewellery
 j - an uncursed ring of see invisible
 p - an uncursed ring of protection from fire
 r - an amulet of resist corrosion (around neck)
 A - an uncursed ring of fire
 R - a ring of magical power (left hand)
 W - a +3 ring of intelligence (right hand)
Magical devices
 z - a wand of slowing (20)
 L - a wand of digging (6)
 P - a wand of frost (0)
Scrolls
 g - 4 scrolls of remove curse
 h - a scroll of holy word {unknown}
 m - a scroll of fear
 n - 2 scrolls of enchant armour
 u - a scroll of teleportation {unknown}
 w - a scroll of silence {unknown}
 F - 2 scrolls of amnesia {unknown}
 G - a scroll of recharging {unknown}
Potions
 f - a potion of agility
 K - a potion of cure mutation {unknown}
 N - a potion of flight
 O - a potion of resistance
Books
 c - a book of Minor Magic

   Spells                             Type                      Level
   a - Magic Dart                     Conjuration                  1
   b - Blink                          Translocation                2
   c - Call Imp                       Summoning                    2
   d - Repel Missiles                 Charms/Air                   2
   e - Slow                           Hexes                        2
   f - Conjure Flame                  Conjuration/Fire             3
   g - Mephitic Cloud                 Conjuration/Poison/Air       3
 k - a book of Spatial Translocations

   Spells                             Type                      Level
   a - Apportation                    Translocation                1
   b - Blink                          Translocation                2
   c - Shroud of Golubria             Charms/Translocation         2
   d - Portal Projectile              Translocation                3
   e - Teleport Other                 Translocation                3
   f - Passage of Golubria            Translocation                4
 x - a book of Cantrips

   Spells                             Type                      Level
   a - Corona                         Hexes                        1
   b - Animate Skeleton               Necromancy                   1
   c - Summon Small Mammal            Summoning                    1
   d - Apportation                    Translocation                1
 B - a book of Annihilations

   Spells                             Type                      Level
   a - Poison Arrow                   Conjuration/Poison           6
   b - Chain Lightning                Conjuration/Air              8
   c - Lehudib's Crystal Spear        Conjuration/Earth            8
   d - Glaciate                       Conjuration/Ice              9
   e - Fire Storm                     Conjuration/Fire             9
 V - a book of Enchantments

   Spells                             Type                      Level
   a - Cause Fear                     Hexes                        4
   b - Silence                        Hexes/Air                    5
   c - Deflect Missiles               Charms/Air                   6
   d - Haste                          Charms                       6
   e - Discord                        Hexes                        8
Comestibles
 d - 8 bread rations
 l - 8 royal jellies
 q - 3 meat rations


   Skills:
 - Level 2.0 Fighting
 - Level 3.0 Dodging
 - Level 2.1 Stealth
 - Level 5.0 Shields
 + Level 4.9 Spellcasting
 + Level 12.6 Conjurations
 - Level 5.0 Charms
   Level 0.8 Summonings
 - Level 6.1 Translocations
 - Level 5.0 Fire Magic
 - Level 3.0 Air Magic
 + Level 6.7 Poison Magic
 - Level 1.0 Invocations


You had 3 spell levels left.
You knew the following spells:

 Your Spells              Type           Power        Failure   Level  Hunger
a - Magic Dart            Conj           ####         1%          1    None
b - Blink                 Tloc           N/A          1%          2    None
c - Mephitic Cloud        Conj/Pois/Air  #####...     1%          3    ##.....
d - Conjure Flame         Conj/Fire      ######..     1%          3    ##.....
e - Repel Missiles        Chrm/Air       ####..       2%          2    None
f - Poison Arrow          Conj/Pois      ######....   28%         6    #######


Dungeon Overview and Level Annotations

Branches:
Dungeon (12/15)            Temple (1/1) D:7            Lair (1/8) D:8
    Orc (1/4) D:10

Altars:
Ashenzari
Cheibriados
Dithmenos
Elyvilon
Fedhas
Gozag
Kikubaaqudgha
Makhleb
Nemelex Xobeh
Okawaru
Qazlal
Ru
Sif Muna
Trog
Vehumet
Xom
Yredelemnul
Zin
The Shining One

Annotations:
D:4 sscrono2's ghost, average DsCK
D:12 Rupert


Innate Abilities, Weirdness & Mutations

You are resistant to torment.
Your stone body is resilient (AC +8).
You are immune to poison.
You resist negative energy.
You are resistant to electric shocks.
You can survive without breathing.
You are immune to petrification.
You are immune to rotting.


Message History

Rupert completely misses you.
Casting: Conjure Flame
Confirm with . or Enter, or press ? or * to list all spells.
You blink.
Read which item? (? for menu, Esc to quit)
As you read the scroll of fear, it crumbles to dust.
You assume a fearsome visage.
Rupert rages.
Rupert hits you with a triple sword of slicing!!
Ouch! That really hurt!
* * * LOW HITPOINT WARNING * * *
x2 Drink which item? (? for menu, Esc to quit)
Okay, then.
You hit Rupert.
Rupert is moderately wounded.
Rupert barely misses you.
You barely miss Rupert.
Rupert is moderately wounded.
Rupert hits you with a triple sword of slicing!
You die...

... #§§ ..# #.#
..## #####.#
...######.....#
....##§§§....##
......§.......###
##.....§...§.§..##
###.......§§###..#
########### ##@#
#@# #$# ### #.#
##.####### #.#
##........# #..#
#..######## ...##
#..# ##.# ..### ##
####


You could see Rupert (berserk).

Vanquished Creatures
  Erolcha (D:8)
  Erica (D:8)
  Urug (D:10)
  Sonja (D:11)
  4 hill giants
  A cyclops (D:12)
  A tengu conjurer (D:11)
  3 trolls
  Prince Ribbit (D:9)
  A shadow (D:12)
  2 wyverns
  2 wraiths
  6 yaks (D:12)
  2 hippogriffs
  3 wargs
  A water moccasin (D:12)
  2 ice beasts
  A phantom (D:6)
  3 sky beasts
  3 wasps
  A black bear (D:6)
  A necrophage (D:5)
  2 spiders (D:9)
  3 orc warriors
  4 ogres
  2 centaurs
  4 giant frogs
  A water moccasin zombie (D:7)
  3 big kobolds
  6 scorpions
  7 wights
  16 killer bees
  A giant frog zombie (D:11)
  4 crimson imps
  4 hounds
  A jelly (D:5)
  A centaur zombie (D:8)
  2 giant frog skeletons
  7 orc priests
  3 quasits
  12 worker ants
  A centaur skeleton (D:5)
  16 orc wizards
  Natasha (thrice) (D:2)
  3 sheep (D:12)
  5 iguanas
  3 hound skeletons
  2 worker ant zombies
  3 gnolls (D:9)
  9 adders
  A shadow imp (D:11)
  3 oozes
  5 worms
  51 orcs
  15 bats
  A bat skeleton (D:4)
  4 giant cockroaches
  7 goblins
  14 hobgoblins
  15 jackals
  24 kobolds
  4 quokkas
  2 ball pythons (D:1)
  10 giant geckos
  5 giant newts
  A jackal skeleton (D:4)
  15 rats
347 creatures vanquished.

Vanquished Creatures (collateral kills)
  A soldier ant (D:9)
  A killer bee (D:10)
2 creatures vanquished.

Vanquished Creatures (others)
  A plant (D:3)
1 creature vanquished.

Grand Total: 350 creatures vanquished

Notes
Turn   | Place    | Note
--------------------------------------------------------------
     0 | D:1      | stringdemon the Gargoyle Wizard began the quest for the Orb.
     0 | D:1      | Reached XP level 1. HP: 10/10 MP: 4/4
   224 | D:1      | Reached XP level 2. HP: 15/15 MP: 0/6
   284 | D:1      | Learned a level 2 spell: Blink
  1157 | D:2      | Reached XP level 3. HP: 19/19 MP: 1/7
  1481 | D:2      | Noticed Natasha
  1518 | D:2      | Learned a level 3 spell: Mephitic Cloud
  2081 | D:1      | Reached skill level 1 in Poison Magic
  2496 | D:2      | Reached skill level 1 in Translocations
  2496 | D:2      | Reached XP level 4. HP: 16/24 MP: 0/8
  3142 | D:2      | Killed Natasha
  3142 | D:2      | Reached skill level 4 in Conjurations
  3242 | D:2      | Noticed Natasha
  3249 | D:2      | Killed Natasha
  3295 | D:2      | Noticed Natasha
  3312 | D:2      | Killed Natasha
  3312 | D:2      | Reached XP level 5. HP: 28/28 MP: 1/9
  4525 | D:4      | Reached skill level 5 in Conjurations
  4539 | D:4      | Learned a level 3 spell: Conjure Flame
  4544 | D:4      | Reached XP level 6. HP: 32/32 MP: 6/10
  4559 | D:4      | Noticed an ogre
  4570 | D:4      | Reached skill level 1 in Fire Magic
  4702 | D:4      | Killed an ogre
  4767 | D:4      | Reached XP level 7. HP: 36/36 MP: 11/11
  4907 | D:4      | Reached skill level 6 in Conjurations
  5085 | D:4      | Noticed an ogre
  5087 | D:4      | Noticed sscrono2's ghost (average DsCK)
  5119 | D:4      | Killed an ogre
  5430 | D:5      | Entered Level 5 of the Dungeon
  5659 | D:5      | Reached XP level 8. HP: 23/41 MP: 5/12
  5798 | D:5      | Learned a level 2 spell: Repel Missiles
  6150 | D:5      | Reached skill level 1 in Charms
  6234 | D:5      | Found a glowing silver altar of Zin.
  7053 | D:6      | Reached skill level 1 in Air Magic
  7326 | D:6      | Reached skill level 5 in Translocations
  7424 | D:6      | Reached XP level 9. HP: 31/45 MP: 3/13
  7696 | D:6      | Found a sparkling altar of Nemelex Xobeh.
  7701 | D:6      | Found a sacrificial altar of Ru.
  7705 | D:6      | Found a glowing golden altar of the Shining One.
  7705 | D:6      | Found a shattered altar of Ashenzari.
  7706 | D:6      | Found a white marble altar of Elyvilon.
  7708 | D:6      | Found an opulent altar of Gozag.
  7709 | D:6      | Found an iron altar of Okawaru.
  7710 | D:6      | Found an ancient bone altar of Kikubaaqudgha.
  7873 | D:6      | Reached skill level 5 in Fire Magic
  7995 | D:6      | Found a basalt altar of Yredelemnul.
  8108 | D:7      | Found a staircase to the Ecumenical Temple.
  8113 | Temple   | Entered the Ecumenical Temple
  8120 | Temple   | Became a worshipper of Sif Muna the Loreminder
  8270 | D:7      | Reached skill level 1 in Shields
  8366 | D:7      | Found a snail-covered altar of Cheibriados.
  9272 | D:8      | Noticed Erolcha
  9493 | D:8      | Killed Erolcha
  9493 | D:8      | Acquired Sif Muna's first power
  9493 | D:8      | Reached skill level 7 in Conjurations
  9503 | D:8      | Found a sacrificial altar of Ru.
  9765 | D:8      | Noticed Erica
  9991 | D:8      | Reached skill level 8 in Conjurations
  9991 | D:8      | Reached XP level 10. HP: 33/50 MP: 14/14
 10028 | D:8      | Killed Erica
 10028 | D:8      | Acquired Sif Muna's second power
 10571 | D:8      | Reached skill level 5 in Charms
 11451 | D:8      | Found a staircase to the Lair.
 12329 | D:9      | Reached skill level 5 in Shields
 12343 | D:9      | Reached skill level 1 in Invocations
 12612 | D:9      | Noticed Prince Ribbit
 12631 | D:9      | Killed Prince Ribbit
 12631 | D:9      | Reached skill level 9 in Conjurations
 12782 | D:9      | Reached skill level 1 in Fighting
 13092 | D:10     | Entered Level 10 of the Dungeon
 13092 | D:10     | Noticed a hill giant
 13129 | D:9      | Killed a hill giant
 13137 | D:9      | Learned a level 6 spell: Poison Arrow
 13437 | D:10     | Noticed a hill giant
 13491 | D:10     | Killed a hill giant
 13732 | D:9      | Reached XP level 11. HP: 37/56 MP: 17/17
 13965 | D:10     | Found an iron altar of Okawaru.
 13983 | D:10     | Found a staircase to the Orcish Mines.
 14011 | D:10     | Noticed a hill giant
 14043 | D:10     | Reached skill level 10 in Conjurations
 14075 | D:10     | Killed a hill giant
 14100 | D:10     | Noticed Urug
 14352 | D:10     | Killed Urug
 15444 | D:10     | Acquired Sif Muna's third power
 15444 | D:10     | Reached skill level 11 in Conjurations
 15444 | D:10     | Reached skill level 5 in Poison Magic
 15466 | D:10     | Noticed a hill giant
 15608 | D:10     | Killed a hill giant
 15650 | D:10     | Upgraded the game from 0.17-a0-1533-g2f57bce to 0.17-a0-1534-gf98da79
 15650 | D:10     | Identified a scroll of acquirement
 15710 | D:11     | Noticed a seven-headed hydra
 15843 | Orc:1    | Entered Level 1 of the Orcish Mines
 15843 | Orc:1    | Noticed an orc knight
 16232 | Lair:1   | Entered Level 1 of the Lair of Beasts
 16232 | Lair:1   | Noticed a seven-headed hydra
 16920 | D:11     | Noticed Sonja
 16951 | D:11     | Killed Sonja
 17243 | D:12     | Reached skill level 12 in Conjurations
 18338 | D:12     | Reached XP level 12. HP: 58/62 MP: 16/19
 18589 | D:12     | Noticed Rupert
 18617 | D:12     | HP: 3/62 [Rupert/triple sword of slicing (2)]
 18619 | D:12     | Mangled by Rupert

Vault maps used:
D:1:      tarquinn_simple_flora_water_a, minmay_misc_feat_chi
D:2:      minivault_5, uniq_natasha
D:3:      serial_forest, infiniplex_forest_lined_4_way,
          infiniplex_forest_side_room, infiniplex_forest_straight_3,
          infiniplex_forest_straight_5, infiniplex_forest_zigzag_2,
          infiniplex_forest_clump_large, infiniplex_forest_pool,
          infiniplex_forest_lined_4_way, infiniplex_forest_corner_2
D:4:      st_stairs_1, minmay_vboxes
D:5:      kennysheep_little_box, first_bread
D:6:      minitemple, basic_altar
D:7:      slow_altar_1, minmay_temple_entry_butterflies
D:8:      erik_lair_orcish_takeover, basic_altar, uniq_erica, uniq_erolcha
D:9:      hangedman_pestilent_swarm, lemuel_flamethrower_1, uniq_prince_ribbit1
D:10:     orc_0_dummy, basic_altar, stair_cage_cross, minmay_misc_feat_cross,
          uniq_urug
D:11:     uniq_sonja
D:12:     hangedman_decor_push, uniq_josephine, uniq_rupert, uniq_gastronok,
          uniq_psyche
Temple:   nicolae_temple_no_exploring_needed
Lair:1:   basic_altar
Orc:1:    nicolae_orc_lava_tube

Action                   |  1- 3 |  4- 6 |  7- 9 | 10-12 || total
-------------------------+-------+-------+-------+-------++-------
Melee: Unarmed           |    23 |    23 |       |       ||    46
       Dagger            |       |    99 |   313 |   429 ||   841
       Scimitar          |       |       |       |    94 ||    94
Throw: Tomahawk          |       |       |       |    99 ||    99
       Javelin           |       |       |       |    25 ||    25
 Cast: Magic Dart        |    97 |    49 |   117 |   248 ||   511
       Mephitic Cloud    |     2 |     8 |    35 |   103 ||   148
       Blink             |       |       |     3 |    19 ||    22
       Conjure Flame     |       |       |     6 |    26 ||    32
       Repel Missiles    |       |       |     2 |       ||     2
       Poison Arrow      |       |       |       |     1 ||     1
Evoke: Wand              |     3 |     4 |    11 |    20 ||    38
  Use: Scroll            |       |     7 |     7 |    11 ||    25
       Potion            |       |     5 |     4 |     9 ||    18
 Stab: Confused          |     1 |     1 |     3 |    10 ||    15
       Sleeping          |       |     2 |     2 |     3 ||     7
       Distracted        |       |       |     1 |       ||     1
  Eat: Chunk             |     3 |     9 |    13 |     7 ||    32
       Beef jerky        |     1 |       |     1 |     3 ||     5
       Fruit             |       |       |     1 |     9 ||    10
       Meat ration       |       |       |     1 |     2 ||     3
       Royal jelly       |       |       |       |     2 ||     2
       Pizza             |       |       |       |     2 ||     2
